 Dungeon Crawl Stone Soup version 0.26-a0-64-g059e62fbdb (webtiles) character file.

Game seed: 4151758792215684188

921 Gwenloh the Charmwright (level 8, -30/63 HPs)
             Began as a Gnoll Skald on June 11, 2020.
             Blown up by Ijyb (33 damage)
             ... with a disintegration bolt
             ... on level 4 of the Dungeon.
             The game lasted 00:17:06 (5080 turns).

Gwenloh the Charmwright (Gnoll Skald)               Turns: 5080, Time: 00:17:06

Health: -30/63     AC:  4    Str: 14      XL:     8   Next: 10%
Magic:  15/16      EV: 14    Int: 18      God:
Gold:   149        SH:  0    Dex: 13 (14) Spells: 7/18 levels left

rFire    x . .     SeeInvis .   a - +0 spear
rCold    + + .     Gourm    .   (no shield)
rNeg     . . .     Faith    .   b - +0 leather armour
rPois    .         Spirit   .   (no helmet)
rElec    .         Reflect  .   r - +0 cloak
rCorr    .         Harm     .   (no gloves)
MR       .....                  (no boots)
Stlth    ++........             (no amulet)
HPRegen  0.20/turn              i - ring of ice
MPRegen  0.15/turn              q - ring of protection from cold

@: singing
A: distributed training, fangs 1, strong nose
a: no special abilities


You were on level 4 of the Dungeon.
You were not hungry.

You visited 1 branch of the dungeon, and saw 4 of its levels.

You collected 149 gold pieces.

Inventory:

Hand Weapons
 a - a +0 spear (weapon)
Missiles
 j - 21 stones
 l - 9 poisoned darts
 w - 4 boomerangs (quivered)
Armour
 b - a +0 leather armour (worn)
 r - a +0 cloak (worn)
 s - a +0 ring mail
Jewellery
 i - a ring of ice (left hand)
 q - a ring of protection from cold (right hand)
Wands
 p - a wand of random effects (12)
 v - a wand of flame (25)
Scrolls
 f - a scroll of amnesia {unknown}
 g - 3 scrolls of teleportation
 h - 2 scrolls of noise
 m - 2 scrolls of remove curse
 o - a scroll of enchant weapon {unknown}
 t - a scroll of random uselessness {unknown}
 u - a scroll of enchant armour {unknown}
Potions
 c - 6 potions of flight {unknown}
 e - 2 potions of stabbing {unknown}
 k - a potion of berserk rage {unknown}
 n - a potion of cancellation {unknown}
Comestibles
 d - 4 rations
 x - 5 chunks of flesh


   Skills:
 + Level 5.4 Fighting
 + Level 2.9 Short Blades
 + Level 2.9 Long Blades
 + Level 2.9 Axes
 + Level 2.9 Maces & Flails
 + Level 5.4 Polearms
 + Level 2.9 Staves
 + Level 2.9 Slings
 + Level 2.9 Bows
 + Level 2.9 Crossbows
 + Level 2.9 Throwing
 + Level 3.9 Armour
 + Level 5.4 Dodging
 + Level 2.9 Stealth
 + Level 2.9 Shields
 + Level 2.9 Unarmed Combat
 + Level 5.8 Spellcasting
 + Level 2.3 Conjurations
 + Level 2.3 Hexes
 + Level 6.0 Charms
 + Level 2.3 Summonings
 + Level 2.3 Necromancy
 + Level 2.3 Translocations
 + Level 2.3 Transmutations
 + Level 2.3 Fire Magic
 + Level 2.3 Ice Magic
 + Level 2.3 Air Magic
 + Level 2.3 Earth Magic
 + Level 2.3 Poison Magic
 + Level 3.2 Invocations
 + Level 2.9 Evocations


You had 7 spell levels left.
You knew the following spells:

 Your Spells              Type           Power        Failure   Level  Hunger
a - Infusion              Chrm           ####         1%          1    None
b - Shroud of Golubria    Chrm/Tloc      ###...       4%          2    None
c - Song of Slaying       Chrm           ####....     1%          2    None
d - Ozocubu's Armour      Chrm/Ice       ####....     9%          3    ##.....
e - Spectral Weapon       Hex/Chrm       ###.....     9%          3    ##.....

Your spell library contained the following spells:

 Spells                   Type           Power        Failure   Level  Hunger


Dungeon Overview and Level Annotations

Branches:
Dungeon (4/15)
 Temple: D:4-7

Altars:

Annotations:
D:4 Ijyb


Innate Abilities, Weirdness & Mutations

Your experience applies equally to all skills.
You have very sharp teeth.
Your uncanny sense of smell can sniff out nearby items.


Message History

You closely miss Ijyb. You bite Ijyb.
Ijyb is heavily wounded.
The goblin hits you but does no damage. Ijyb hits you but does no damage.
You miss Ijyb. Your bite misses Ijyb.
Ijyb is heavily wounded.
The goblin barely misses you.
Ijyb zaps a wand.
You are blasted!
* * * LOW HITPOINT WARNING * * *
Your magical contamination has completely faded away.
You hit Ijyb but do no damage.
Ijyb is heavily wounded.
Ijyb misses you.
You barely miss Ijyb.
Ijyb is heavily wounded.
The goblin hits you with a +0 club.
* * * LOW HITPOINT WARNING * * *
You barely miss Ijyb.
Ijyb is heavily wounded.
Ijyb zaps a wand.
You are blasted!
Ouch! That really hurt!
You die...

................. ###..@....# ..#
#........5#####.#
#........rrb..##.#
#.......55r<#..... #
##...########..... ...
..................
#....##############........#
..)..)...gg@g..)............
#.##.....########.....####.#
#!....# #.....## #.# ........#
#......# #@. .........# ###....#
##. .........# #....# #.
..............# #....# #.
....O....###### #....# ##.
.........###############....###..


You could see Ijyb, a hobgoblin and a goblin.

Vanquished Creatures
  A hippogriff (D:2)
  Sigmund (D:3)
  Eustachio (D:4)
  An ogre (D:4)
  A wyvern zombie (D:4)
  A centaur skeleton (D:4)
  Jessica (D:2)
  Natasha (thrice) (D:2)
  An orc wizard (D:3)
  A worker ant (D:4)
  Robin (D:4)
  A worker ant zombie (D:4)
  An adder (D:4)
  3 oozes
  An adder skeleton (D:4)
  2 worms
  2 dart slugs
  5 leopard geckos
  8 orcs (D:3)
  10 bats
  5 giant cockroaches
  5 hobgoblins
  4 jackals (D:1)
  7 kobolds
  2 ball pythons
  6 frilled lizards
  10 goblins
  A leopard gecko skeleton (D:4)
  5 rats
91 creatures vanquished.

Vanquished Creatures (others)
  A spectral weapon (D:4)
1 creature vanquished.

Grand Total: 92 creatures vanquished

Notes
Turn   | Place    | Note
-------+----------+-------------------------------------------
     0 | D:1      | Gwenloh the Gnoll Skald began the quest for the Orb.
     0 | D:1      | Reached XP level 1. HP: 20/20 MP: 6/6
   248 | D:1      | Reached XP level 2. HP: 25/26 MP: 4/7
   400 | D:1      | Learned a level 2 spell: Shroud of Golubria
   403 | D:1      | Learned a level 2 spell: Song of Slaying
   566 | D:1      | Reached XP level 3. HP: 29/31 MP: 9/9
  1039 | D:2      | Learned a level 3 spell: Ozocubu's Armour
  1043 | D:2      | Learned a level 3 spell: Spectral Weapon
  1046 | D:2      | Noticed Natasha
  1056 | D:2      | Reached skill level 5 in Spellcasting
  1061 | D:2      | Killed Natasha
  1061 | D:2      | Reached skill level 1 in Short Blades
  1061 | D:2      | Reached skill level 1 in Long Blades
  1061 | D:2      | Reached skill level 1 in Axes
  1061 | D:2      | Reached skill level 1 in Maces & Flails
  1061 | D:2      | Reached skill level 1 in Staves
  1061 | D:2      | Reached skill level 1 in Slings
  1061 | D:2      | Reached skill level 1 in Bows
  1061 | D:2      | Reached skill level 1 in Crossbows
  1061 | D:2      | Reached skill level 1 in Throwing
  1061 | D:2      | Reached skill level 1 in Stealth
  1061 | D:2      | Reached skill level 1 in Shields
  1061 | D:2      | Reached skill level 1 in Unarmed Combat
  1061 | D:2      | Reached skill level 1 in Invocations
  1061 | D:2      | Reached skill level 1 in Evocations
  1169 | D:2      | Noticed a hippogriff
  1184 | D:2      | Killed a hippogriff
  1184 | D:2      | Reached skill level 1 in Conjurations
  1184 | D:2      | Reached skill level 1 in Hexes
  1184 | D:2      | Reached skill level 1 in Summonings
  1184 | D:2      | Reached skill level 1 in Necromancy
  1184 | D:2      | Reached skill level 1 in Translocations
  1184 | D:2      | Reached skill level 1 in Transmutations
  1184 | D:2      | Reached skill level 1 in Fire Magic
  1184 | D:2      | Reached skill level 1 in Ice Magic
  1184 | D:2      | Reached skill level 1 in Air Magic
  1184 | D:2      | Reached skill level 1 in Earth Magic
  1184 | D:2      | Reached skill level 1 in Poison Magic
  1184 | D:2      | Reached XP level 4. HP: 13/38 MP: 0/11
  1184 | D:2      | Reached XP level 5. HP: 15/43 MP: 0/12
  1184 | D:2      | Reached XP level 6. HP: 17/50 MP: 0/13
  1396 | D:2      | Noticed Natasha
  1409 | D:2      | Killed Natasha
  1419 | D:2      | Noticed Natasha
  1426 | D:2      | Killed Natasha
  1608 | D:2      | Noticed Jessica
  1617 | D:2      | Killed Jessica
  1617 | D:2      | Reached skill level 5 in Fighting
  1617 | D:2      | Reached skill level 5 in Polearms
  1617 | D:2      | Reached skill level 5 in Dodging
  3167 | D:4      | Noticed Ijyb
  3478 | D:4      | Reached XP level 7. HP: 15/56 MP: 10/15
  3983 | D:4      | Noticed Eustachio
  4170 | D:4      | Noticed Sigmund
  4352 | D:3      | Killed Sigmund
  4904 | D:4      | Killed Eustachio
  4904 | D:4      | Reached skill level 6 in Charms
  4904 | D:4      | Reached XP level 8. HP: 56/63 MP: 8/16
  5040 | D:4      | Noticed Robin
  5060 | D:4      | Killed Robin
  5079 | D:4      | HP: 3/63 [goblin/+0 club[Robin] (3)]
  5080 | D:4      | Blown up by Ijyb

Illustrated notes

Levels and vault maps discovered:
D:1:      dpeg_chamrin_arrival_tetris, layout_loops_ring
D:2:      layout_basic, first_ration, uniq_jessica, uniq_natasha
D:3:      layout_basic
D:4:      layout_basic, uniq_ijyb, uniq_sigmund, uniq_pikel, uniq_eustachio,
          uniq_robin

Skill      XL: |  1  2  3  4  5  6  7 |
---------------+----------------------+-----
Spellcasting   | 5 |  5.8
Short Blades   | 1 2 |  2.9
Long Blades    | 1 2 |  2.9
Axes           | 1 2 |  2.9
Maces & Flails | 1 2 |  2.9
Staves         | 1 2 |  2.9
Slings         | 1 2 |  2.9
Bows           | 1 2 |  2.9
Crossbows      | 1 2 |  2.9
Throwing       | 1 2 |  2.9
Stealth        | 1 2 |  2.9
Shields        | 1 2 |  2.9
Unarmed Combat | 1 2 |  2.9
Invocations    | 1 2 3 |  3.2
Evocations     | 1 2 |  2.9
Armour         | 3 |  3.9
Conjurations   | 1 2 |  2.3
Hexes          | 1 2 |  2.3
Summonings     | 1 2 |  2.3
Necromancy     | 1 2 |  2.3
Translocations | 1 2 |  2.3
Transmutations | 1 2 |  2.3
Fire Magic     | 1 2 |  2.3
Ice Magic      | 1 2 |  2.3
Air Magic      | 1 2 |  2.3
Earth Magic    | 1 2 |  2.3
Poison Magic   | 1 2 |  2.3
Fighting       | 5 |  5.4
Polearms       | 5 |  5.4
Dodging        | 5 |  5.4
Charms         | 6 |  6.0

Action                   |  1- 3 |  4- 6 |  7- 9 || total
-------------------------+-------+-------+-------++-------
Melee: Spear             |    78 |   166 |   135 ||   379
       Bite              |     5 |    11 |    16 ||    32
       Punch             |       |       |     3 ||     3
Throw: Stone             |     6 |     1 |       ||     7
       Dart              |     7 |    76 |     4 ||    87
       Boomerang         |       |       |    21 ||    21
 Cast: Infusion          |     5 |     4 |     7 ||    16
       Shroud of Golubri |     2 |     1 |     4 ||     7
       Song of Slaying   |     1 |       |     1 ||     2
       Spectral Weapon   |       |     1 |     3 ||     4
       Ozocubu's Armour  |       |     1 |     2 ||     3
  Use: Scroll            |       |     4 |       ||     4
 Stab: Sleeping          |       |     2 |       ||     2
  Eat: Chunk             |     1 |     6 |     1 ||     8
       Ration            |       |       |     2 ||     2
Armor: Leather armour    |    15 |    18 |   102 ||   135
Dodge: Dodged            |    38 |    52 |   253 ||   343

Table legend:
 A = Non-vault XP
 B = Vault XP
 C = Vault XP percentage of total XP
 D = Non-vault monster count
 E = Vault monster count
 F = Vault count percentage of total count
                 A         B        C        D         E       F
            +---------+---------+-------+---------+---------+-------
      Total |     801 |     515 |  39.1 |      78 |      13 |  14.3
            +---------+---------+-------+---------+---------+-------
        D:1 |      36 |       0 |   0.0 |      18 |       0 |   0.0
        D:2 |     375 |      72 |  16.1 |      25 |       2 |   7.4
        D:3 |      72 |     227 |  75.9 |      24 |       1 |   4.0
        D:4 |     318 |     216 |  40.4 |      11 |      10 |  47.6
            +---------+---------+-------+---------+---------+-------
